 Dungeon Crawl Stone Soup version 0.27.0-1-g7a089689b8 (webtiles) character file.

Game seed: 7116507082613332437

2 Conn the Firebug (level 1, 0/11 HPs)
             Began as an Octopode Fire Elementalist on Aug 2, 2021.
             Slain by a jackal (2 damage)
             ... on level 1 of the Dungeon.
             The game lasted 00:00:37 (74 turns).

Conn the Firebug (Octopode Fire Elementalist)         Turns: 74, Time: 00:00:38

Health: 0/11       AC:  1    Str:  7    XL:     1   Next: 40%
Magic:  1/3        EV: 13    Int: 17    God:
Gold:   0          SH:  0    Dex: 12    Spells: 3/4 levels left

rFire    . . .     SeeInvis .   (no weapon)
rCold    . . .     Faith    .   (no shield)
rNeg     . . .     Spirit   .   (helmet restricted)
rPois    .         Reflect  .   (no amulet)
rElec    .         Harm     .   (no ring)
rCorr    .         Rampage  .   (no ring)
Will     .....                  (no ring)
Stlth    +++.......             (no ring)
HPRegen  0.03/turn              (no ring)
MPRegen  0.08/turn              (no ring)
                                (no ring)
                                (no ring)

@: no status effects
A: almost no armour, amphibious, 8 rings, camouflage 1, gelatinous body 1,
(nimble swimmer 1), tentacles
a: no special abilities


You were on level 1 of the Dungeon.
You visited 1 branch of the dungeon, and saw 1 of its levels.

You aren't carrying anything.


   Skills:
 + Level 2.0 Dodging
 + Level 2.6 Stealth
 + Level 2.1 Spellcasting
 + Level 1.0 Conjurations
 + Level 3.1 Fire Magic


You had 3 spell levels left.
You knew the following spells:

 Your Spells              Type           Power      Damage    Failure   Level
a - Foxfire               Conj/Fire      32%        2x1d5     9%          1

Your spell library contained the following spells:

 Spells                   Type           Power      Damage    Failure   Level
 Conjure Flame            Conj/Fire      8%         6-21      26%         3
 Inner Flame              Hex/Fire       7%         N/A       30%         3
 Sticky Flame             Conj/Fire      8%         2d3       63%         4
 Fireball                 Conj/Fire      4%         3d4       93%         5


Dungeon Overview and Level Annotations

Branches:
Dungeon (1/15)

Altars:


Innate Abilities, Weirdness & Mutations

You cannot wear most types of armour.
You are amphibious.
You can wear up to eight rings at the same time.
Your skin changes colour to match your surroundings (Stealth+).
Your rubbery body absorbs attacks. (AC +1, EV +1)
((You are camouflaged near water. (Stealth+)))
You have tentacles for arms and can constrict up to eight enemies at once.


Message History

The jackal is severely wounded.
Casting: Foxfire (safe; 9% risk of failure)
Confirm with . or Enter, or press ? or * to list all spells.
You conjure some foxfire!
The jackal barely misses you.
The foxfire hits the jackal.
The jackal is almost dead.
The foxfire hits the jackal but does no damage.
The jackal is almost dead.
The jackal closely misses you.
Unknown command.
Casting: Foxfire (safe; 9% risk of failure)
Confirm with . or Enter, or press ? or * to list all spells.
You conjure some foxfire!
The jackal bites you but does no damage.
A frilled lizard comes into view.
The foxfire hits the jackal.
The jackal is moderately wounded.
The foxfire hits the jackal.
You kill the jackal!
The frilled lizard moves out of view.
Unknown command.
The jackal bites you. The jackal completely misses you.
You aren't carrying any potions.
Unknown command.
Unknown command.
The jackal closely misses you.
A bat comes into view.
The jackal bites you. The jackal misses you. The jackal barely misses you.
The jackal bites you. The jackal bites you.
* * * LOW HITPOINT WARNING * * *
The jackal closely misses you. The bat hits you.
* * * LOW HITPOINT WARNING * * *
The bat barely misses you. x2
The bat closely misses you. The jackal barely misses you.
Found 12 gold pieces.
The jackal bites you.
You die...

..?..........
............. .
............ ..
#............
...##............
.................
.................
....$..@.........
........##hh.......
....... #.b.......
## ......
#h........ .# #.###
#.........
.#######.#
#......###
.........# #......#
.........# #......#
.........# #......#


You could see 3 jackals and a bat.

Vanquished Creatures
  An endoplasm (D:1)
  A jackal (D:1)
2 creatures vanquished.

Vanquished Creatures (others)
  10 foxfires (D:1)
10 creatures vanquished.

Grand Total: 12 creatures vanquished

Notes
Turn   | Place    | Note
-------+----------+-------------------------------------------
     0 | D:1      | Conn the Octopode Fire Elementalist began the quest for the
                  | Orb.
     0 | D:1      | Reached XP level 1. HP: 11/11 MP: 3/3
    74 | D:1      | Slain by a jackal

Illustrated notes

Levels and vault maps discovered:
D:1:      mushboom_english_gardens, layout_basic

Action                   || total
-------------------------++-------
 Cast: Foxfire           ||     5
Armor: Skin              ||     1
Dodge: Dodged            ||    11
